TOP OF THE 1ST |
Irvine Gang Green batting - Pitching for Nevada Noise : LHP David Taylor
|
Pitching: LHP David Taylor
|
|
Batting: RHB José Salazar
|
0-0: Called Strike 0-1: Called Strike 0-2: Ball 1-2: SINGLE (Line Drive, 34)
|
Batting: RHB Tom Doherty
|
0-0: Swinging Strike 0-1: Grounds into double play, 6-4-3 (Groundball, 6)
|
Batting: LHB Víctor Quiñones
|
0-0: Swinging Strike 0-1: Called Strike 0-2: Strikes out looking
|
Top of the 1st over - 0 run(s), 1 hit(s), 0 error(s), 0 left on base; Irvine 0 - Nevada 0 |
BOTTOM OF THE 1ST |
Nevada Noise batting - Pitching for Irvine Gang Green : LHP Millard Curtis
|
Pitching: LHP Millard Curtis
|
|
Batting: RHB Max Jones
|
0-0: SINGLE (Groundball, 4MD)
|
Batting: LHB Stanley Mullins
|
0-0: Ball 1-0: Ball 2-0: Fielders Choice at 2nd, 6-4 (Groundball, 6)
|
Batting: SHB Julián Madrid
|
0-0: Ball 1-0: Ball 2-0: Foul Ball, location: 2F 2-1: Swinging Strike 2-2: Ball 3-2: Foul Ball, location: 2F 3-2: Strikes out swinging
|
Batting: LHB Willie Wallace
|
0-0: Ball 1-0: Ball 2-0: Called Strike 2-1: Ball 3-1: Base on Balls Stanley Mullins to second
|
Batting: RHB Rich Ruffin
|
0-0: Ball 1-0: Ball 2-0: Swinging Strike 2-1: Swinging Strike 2-2: Strikes out swinging
|
Bottom of the 1st over - 0 run(s), 1 hit(s), 0 error(s), 2 left on base; Irvine 0 - Nevada 0 |
TOP OF THE 2ND |
Irvine Gang Green batting - Pitching for Nevada Noise : LHP David Taylor
|
Batting: RHB Buck Jones
|
0-0: Ball 1-0: Ball 2-0: Ball 3-0: Called Strike 3-1: Called Strike 3-2: Foul Ball, location: 2F 3-2: SINGLE (Line Drive, 34)
|
Batting: LHB Frank Geddes
|
0-0: Called Strike 0-1: Ball 1-1: Ball Wild Pitch! Buck Jones to second 2-1: Fly out, F2 (Popup, 2L)
|
Batting: RHB Eichiro Yamamoto
|
0-0: Ball 1-0: Ball 2-0: Ball 3-0: Called Strike 3-1: Fly out, F4 (Popup, 4)
|
Batting: LHB José Sánchez
|
0-0: Ball 1-0: Ball 2-0: Called Strike 2-1: Foul Ball, location: 2F 2-2: Ball 3-2: Foul Ball, location: 2F 3-2: SINGLE (Line Drive, 4M) Buck Jones to third Buck Jones scores
|
Batting: RHB Don Hooper
|
0-0: Ball 1-0: Fielders Choice at 2nd, 5-4 (Groundball, 56)
|
Top of the 2nd over - 1 run(s), 2 hit(s), 0 error(s), 0 left on base; Irvine 1 - Nevada 0 |
BOTTOM OF THE 2ND |
Nevada Noise batting - Pitching for Irvine Gang Green : LHP Millard Curtis
|
Batting: RHB Fernando Gálvez
|
0-0: Called Strike 0-1: Ball 1-1: Foul Ball, location: 2F 1-2: Fly out, F7 (Line Drive, 7D)
|
Batting: RHB Jack Bailey
|
0-0: Called Strike 0-1: Ball 1-1: Swinging Strike 1-2: Strikes out swinging
|
Batting: RHB Fernando Martínez
|
0-0: Ground out 5-3 (Groundball, 56)
|
Bottom of the 2nd over - 0 run(s), 0 hit(s), 0 error(s), 0 left on base; Irvine 1 - Nevada 0 |
TOP OF THE 3RD |
Irvine Gang Green batting - Pitching for Nevada Noise : LHP David Taylor
|
Batting: LHB Tony Tavárez
|
0-0: Called Strike 0-1: Foul Ball, location: 2F 0-2: Ball 1-2: Foul Ball, location: 2F 1-2: Ground out 4-3 (Groundball, 4)
|
Batting: RHB José Salazar
|
0-0: Ball 1-0: Swinging Strike 1-1: Ground out 5-3 (Groundball, 5S)
|
Batting: RHB Tom Doherty
|
0-0: Called Strike 0-1: SINGLE (Line Drive, 8RS)
|
Batting: LHB Víctor Quiñones
|
0-0: Ball 1-0: Foul Ball, location: 2F 1-1: Ball 2-1: Foul Ball, location: 2F 2-2: Fly out, F9 (Flyball, 9S)
|
Top of the 3rd over - 0 run(s), 1 hit(s), 0 error(s), 1 left on base; Irvine 1 - Nevada 0 |
BOTTOM OF THE 3RD |
Nevada Noise batting - Pitching for Irvine Gang Green : LHP Millard Curtis
|
Batting: RHB Pepe González
|
0-0: Ball 1-0: Ball 2-0: Ball 3-0: Called Strike 3-1: Swinging Strike 3-2: Base on Balls
|
Batting: RHB Max Jones
|
0-0: Ball 1-0: Called Strike 1-1: Ball 2-1: Foul Ball, location: 2F 2-2: Ball 3-2: Strikes out swinging
|
Batting: LHB Stanley Mullins
|
0-0: Fly out, F6 (Popup, 6D)
|
Batting: SHB Julián Madrid
|
0-0: Ball 1-0: Foul Ball, location: 2F 1-1: Ball 2-1: Fielders Choice at 2nd, 6-4 (Groundball, 6)
|
Bottom of the 3rd over - 0 run(s), 0 hit(s), 0 error(s), 0 left on base; Irvine 1 - Nevada 0 |
TOP OF THE 4TH |
Irvine Gang Green batting - Pitching for Nevada Noise : LHP David Taylor
|
Batting: RHB Buck Jones
|
0-0: Ball 1-0: Called Strike 1-1: Foul Ball, location: 2F 1-2: Ball 2-2: Foul Ball, location: 2F 2-2: Ball 3-2: Fly out, F6 (Popup, 6D)
|
Batting: LHB Frank Geddes
|
0-0: Fly out, F8 (Flyball, 8RM)
|
Batting: RHB Eichiro Yamamoto
|
0-0: Called Strike 0-1: Foul Ball, location: 2F 0-2: Ball 1-2: Strikes out looking
|
Top of the 4th over - 0 run(s), 0 hit(s), 0 error(s), 0 left on base; Irvine 1 - Nevada 0 |
BOTTOM OF THE 4TH |
Nevada Noise batting - Pitching for Irvine Gang Green : LHP Millard Curtis
|
Batting: LHB Willie Wallace
|
0-0: Fly out, F7 (Flyball, 78M)
|
Batting: RHB Rich Ruffin
|
0-0: Ball 1-0: Called Strike 1-1: Ball 2-1: Foul Ball, location: 2F 2-2: Ground out 4-3 (Groundball, 4)
|
Batting: RHB Fernando Gálvez
|
0-0: Ball 1-0: Ball 2-0: Ball 3-0: Base on Balls
|
Batting: RHB Jack Bailey
|
0-0: Fielders Choice at 2nd, 5-4 (Groundball, 56)
|
Bottom of the 4th over - 0 run(s), 0 hit(s), 0 error(s), 0 left on base; Irvine 1 - Nevada 0 |
TOP OF THE 5TH |
Irvine Gang Green batting - Pitching for Nevada Noise : LHP David Taylor
|
Batting: LHB José Sánchez
|
0-0: DOUBLE (Flyball, 7D)
|
Batting: RHB Don Hooper
|
0-0: SINGLE (Line Drive, 89S) José Sánchez to third Runner from 3rd tries for Home, throw and OUT! Don Hooper to second
|
Batting: LHB Tony Tavárez
|
0-0: Ball 1-0: Called Strike 1-1: Bunted foul 1-2: Ball 2-2: Fly out, F9 (Flyball, 9S)
|
Batting: RHB José Salazar
|
0-0: Ball 1-0: Ball 2-0: Called Strike 2-1: Ball 3-1: Base on Balls
|
Batting: RHB Tom Doherty
|
0-0: Swinging Strike 0-1: Fly out, F3 (Line Drive, 34)
|
Top of the 5th over - 0 run(s), 2 hit(s), 0 error(s), 2 left on base; Irvine 1 - Nevada 0 |
BOTTOM OF THE 5TH |
Nevada Noise batting - Pitching for Irvine Gang Green : LHP Millard Curtis
|
Batting: RHB Fernando Martínez
|
0-0: SINGLE (Groundball, 34D)
|
Batting: RHB Pepe González
|
0-0: Ball 1-0: Ball Wild Pitch! Fernando Martínez to second 2-0: Ball 3-0: Base on Balls
|
Batting: RHB Max Jones
|
0-0: Called Strike 0-1: Swinging Strike 0-2: Ball 1-2: Foul Ball, location: 2F 1-2: Ball 2-2: Fly out, F7 (Line Drive, 7)
|
Batting: LHB Stanley Mullins
|
0-0: Ball 1-0: DOUBLE (Line Drive, 5D) Fernando Martínez scores Pepe González to third
|
Batting: SHB Julián Madrid
|
0-0: SINGLE (Flyball, 6MD) Pepe González scores Stanley Mullins to third Runner from 3rd tries for Home, SAFE, throw made home
|
Batting: LHB Willie Wallace
|
0-0: Ball 1-0: Called Strike 1-1: 2-RUN HOME RUN (Flyball, 89XD), Distance : 439 ft
|
Pitching: RHP Germán Pérez
|
|
Batting: RHB Rich Ruffin
|
0-0: Swinging Strike 0-1: Called Strike 0-2: Ball 1-2: Strikes out looking
|
Batting: RHB Fernando Gálvez
|
0-0: Swinging Strike 0-1: Ball 1-1: Ball 2-1: Foul Ball, location: 2F 2-2: Ball 3-2: SINGLE (Flyball, 7LS)
|
Batting: RHB Jack Bailey
|
0-0: Ball 1-0: Called Strike 1-1: Called Strike 1-2: Strikes out looking
|
Bottom of the 5th over - 5 run(s), 5 hit(s), 0 error(s), 1 left on base; Irvine 1 - Nevada 5 |
TOP OF THE 6TH |
Irvine Gang Green batting - Pitching for Nevada Noise : LHP David Taylor
|
Batting: LHB Víctor Quiñones
|
0-0: Ball 1-0: Foul Ball, location: 2F 1-1: Swinging Strike 1-2: Strikes out swinging
|
Batting: RHB Buck Jones
|
0-0: Ball 1-0: Called Strike 1-1: Ground out 4-3 (Groundball, 4)
|
Batting: LHB Frank Geddes
|
0-0: Foul Ball, location: 2F 0-1: Ball 1-1: Ball 2-1: Fly out, F2 (Popup, 3S)
|
Top of the 6th over - 0 run(s), 0 hit(s), 0 error(s), 0 left on base; Irvine 1 - Nevada 5 |
BOTTOM OF THE 6TH |
Nevada Noise batting - Pitching for Irvine Gang Green : RHP Germán Pérez
|
Batting: RHB Fernando Martínez
|
0-0: DOUBLE (Line Drive, 8LD)
|
Batting: RHB Pepe González
|
0-0: Ball 1-0: Ball 2-0: Called Strike 2-1: Ball 3-1: Base on Balls
|
Batting: RHB Max Jones
|
0-0: Foul Ball, location: 2F 0-1: Called Strike 0-2: Ball 1-2: Grounds into double play, 6-4-3 (Groundball, 6) Fernando Martínez to third
|
Batting: LHB Stanley Mullins
|
0-0: Foul Ball, location: 2F 0-1: Ball 1-1: Ball 2-1: SINGLE (Line Drive, 6D) Fernando Martínez scores
|
Pitching: LHP Frank Jackson
|
|
Batting: SHB Julián Madrid
|
0-0: Ball 1-0: Foul Ball, location: 2F 1-1: Ball 2-1: Ball 3-1: Fly out, F6 (Popup, 6)
|
Bottom of the 6th over - 1 run(s), 2 hit(s), 0 error(s), 1 left on base; Irvine 1 - Nevada 6 |
TOP OF THE 7TH |
Irvine Gang Green batting - Pitching for Nevada Noise : LHP David Taylor
|
Batting: RHB Eichiro Yamamoto
|
0-0: Ball 1-0: Ground out 4-3 (Groundball, 4)
|
Batting: LHB José Sánchez
|
0-0: Called Strike 0-1: Ball 1-1: Swinging Strike 1-2: Fly out, F9 (Flyball, 9S)
|
Batting: RHB Don Hooper
|
0-0: SINGLE (Line Drive, 6MD)
|
Batting: LHB Tony Tavárez
|
0-0: Foul Ball, location: 2F 0-1: Called Strike 0-2: SINGLE (Groundball, 56S) (infield hit) Don Hooper to second
|
Batting: RHB José Salazar
|
0-0: Foul Ball, location: 2F 0-1: Ball 1-1: Foul Ball, location: 2F 1-2: Strikes out swinging
|
Top of the 7th over - 0 run(s), 2 hit(s), 0 error(s), 2 left on base; Irvine 1 - Nevada 6 |
BOTTOM OF THE 7TH |
Nevada Noise batting - Pitching for Irvine Gang Green : LHP Frank Jackson
|
Batting: LHB Willie Wallace
|
0-0: Called Strike 0-1: Foul Ball, location: 2F 0-2: Ball 1-2: Fly out, F7 (Flyball, 78D)
|
Batting: RHB Rich Ruffin
|
0-0: Ball 1-0: Called Strike 1-1: Called Strike 1-2: Strikes out swinging
|
Batting: RHB Fernando Gálvez
|
0-0: Ball 1-0: Called Strike 1-1: Ball 2-1: Swinging Strike 2-2: Strikes out swinging
|
Bottom of the 7th over - 0 run(s), 0 hit(s), 0 error(s), 0 left on base; Irvine 1 - Nevada 6 |
TOP OF THE 8TH |
Irvine Gang Green batting - Pitching for Nevada Noise : LHP David Taylor
|
Pitching: RHP Mike Pierce
|
|
Batting: RHB Tom Doherty
|
0-0: Ball 1-0: Swinging Strike 1-1: Ball 2-1: Ball 3-1: Fly out, F9 (Flyball, 9LSF)
|
Batting: LHB Víctor Quiñones
|
0-0: Ball 1-0: Called Strike 1-1: Called Strike 1-2: Foul Ball, location: 2F 1-2: Ball 2-2: SINGLE (Line Drive, 7S)
|
Batting: RHB Buck Jones
|
0-0: Fly out, F9 (Flyball, 9LSF)
|
Batting: LHB Frank Geddes
|
0-0: Called Strike 0-1: Called Strike 0-2: Fielders Choice at 2nd, 4-6 (Groundball, 34)
|
Top of the 8th over - 0 run(s), 1 hit(s), 0 error(s), 0 left on base; Irvine 1 - Nevada 6 |
BOTTOM OF THE 8TH |
Nevada Noise batting - Pitching for Irvine Gang Green : LHP Frank Jackson
|
Batting: RHB Jack Bailey
|
0-0: SINGLE (Line Drive, 7LS)
|
Batting: RHB Fernando Martínez
|
0-0: Called Strike 0-1: Called Strike 0-2: Foul Ball, location: 2F 0-2: Ball 1-2: Foul Ball, location: 2F 1-2: SINGLE (Groundball, 56D) Jack Bailey to second
|
Batting: RHB Pepe González
|
0-0: Called Strike 0-1: Foul Ball, location: 2F 0-2: Fielders Choice at 2nd, 1-6 (Groundball, 13S) Jack Bailey to third
|
Batting: RHB Max Jones
|
0-0: Ball 1-0: Foul Ball, location: 2F 1-1: Foul Ball, location: 2F 1-2: Ball 2-2: Foul Ball, location: 2F 2-2: Ball 3-2: Foul Ball, location: 2F 3-2: Grounds into double play, 6-4-3 (Groundball, 6)
|
Bottom of the 8th over - 0 run(s), 2 hit(s), 0 error(s), 1 left on base; Irvine 1 - Nevada 6 |
TOP OF THE 9TH |
Irvine Gang Green batting - Pitching for Nevada Noise : RHP Mike Pierce
|
Batting: RHB Eichiro Yamamoto
|
0-0: Fly out, F6 (Popup, 6MD)
|
Batting: LHB José Sánchez
|
0-0: Fly out, F8 (Line Drive, 8RS)
|
Batting: RHB Don Hooper
|
0-0: Ball 1-0: Called Strike 1-1: Fly out, F8 (Flyball, 8RM)
|
Top of the 9th over - 0 run(s), 0 hit(s), 0 error(s), 0 left on base; Irvine 1 - Nevada 6 |
|